 Dungeon Crawl Stone Soup version 0.30-a0-738-g116ff8c4af (webtiles) character file.

Game seed: 9498189784925344528

238 Sabo the Ogre Mage (level 6, -1/54 HPs)
             Began as an Ogre Air Elementalist on Feb 3, 2023.
             Was an Initiate of Dithmenos.
             Frozen to death by an endoplasm (2 damage)
             ... on level 4 of the Dungeon.
             The game lasted 00:23:25 (6242 turns).

Sabo the Ogre Mage (Ogre Air Elementalist)          Turns: 6242, Time: 00:23:26

Health: -1/54      AC:  4    Str: 13    XL:     6   Next: 7%
Magic:  2/11       EV: 10    Int: 18    God:    Dithmenos [......]
Gold:   214        SH:  0    Dex:  9    Spells: 11/12 levels left

rFire   . . .      SeeInvis .    d - +0 spear (drain)
rCold   + . .      Faith    .    (no shield)
rNeg    + . .      Spirit   .    a - +0 robe
rPois   .          Reflect  .    (helmet restricted)
rElec   .          Harm     .    i - +0 cloak
rCorr   .          Rampage  .    (gloves unavailable)
Will    .....                    (boots unavailable)
Stlth   ++                       D - amulet of the acrobat
HPRegen 0.29/turn                n - ring of protection from cold
MPRegen 0.12/turn                p - ring of positive energy

@: no status effects
A: large, unfitting armour, tough skin 1
a: Renounce Religion


You were on level 4 of the Dungeon.
You worshipped Dithmenos.
Dithmenos was noncommittal.
You visited 1 branch of the dungeon, and saw 4 of its levels.
You also visited: Sewer.

You collected 214 gold pieces.

Inventory:

Hand Weapons
 d - a +0 spear of draining (weapon)
Missiles
 k - 2 javelins (quivered)
 q - 3 poisoned darts
 s - 5 atropa-tipped darts
Armour
 a - a +0 robe (worn)
 i - a +0 cloak (worn)
Magical Staves
 e - a staff of fire
Jewellery
 n - a ring of protection from cold (left hand)
 p - a ring of positive energy (right hand)
 D - an amulet of the acrobat (around neck)
Wands
 u - a wand of iceblast (10)
Scrolls
 c - 3 scrolls of vulnerability {unknown}
 f - a scroll of fear
 g - a scroll of noise {unknown}
 h - a scroll of brand weapon
 m - a scroll of identify {unknown}
 o - a scroll of amnesia {unknown}
 r - a scroll of enchant armour {unknown}
 t - a scroll of silence {unknown}
 y - a scroll of teleportation {unknown}
 C - a scroll of fog {unknown}
Potions
 b - 3 potions of magic
 j - a potion of flight {unknown}
 l - 2 potions of cancellation {unknown}
 v - a potion of mutation {unknown}
 w - a potion of haste {unknown}
 x - a potion of might {unknown}
 z - a potion of invisibility {unknown}
 A - a potion of resistance {unknown}
 B - 2 potions of curing {unknown}


   Skills:
 + Level 0.4 Fighting
 + Level 0.5 Polearms
 + Level 2.1 Dodging
 + Level 1.8 Stealth
 + Level 3.9 Spellcasting
 + Level 3.1 Conjurations
 + Level 3.7 Air Magic


You had 11 spell levels left.
You knew the following spells:

 Your Spells              Type           Power      Damage    Failure   Level
a - Shock                 Conj/Air       64%        1d7       3%          1

Your spell library contained the following spells:

 Spells                   Type           Power      Damage    Failure   Level
 Static Discharge         Conj/Air       32%        2-4/arc   5%          2
 Swiftness                Air            17%        N/A       10%         3
 Airstrike                Air            8%         2d(2-18)  30%         4


Dungeon Overview and Level Annotations

Branches:
Dungeon (4/15)              Sewer (visited)
 Temple: D:4-7

Altars:
Dithmenos
Okawaru

Shops:
D:3 (

Annotations:
D:4 Menkaure


Innate Abilities, Weirdness & Mutations

You are too large for most types of armour.
You have tough skin. (AC +1)


Message History

Casting: Shock (safe; 3% risk of failure)
Confirm with . or Enter, or press ? or * to list all spells.
Aiming: Shock (safe; 3% risk of failure)
Press: ? - help, Shift-Dir - straight line, f/p - Menkaure
Aim: Menkaure (heavily damaged, fast, 86% to hit)
The zap hits Menkaure.
Menkaure is severely damaged.
You hit Menkaure but do no damage.
Menkaure is severely damaged.
Menkaure misses you. Menkaure hits you!
* * * LOW HITPOINT WARNING * * *
You barely miss Menkaure.
Menkaure is severely damaged.
Menkaure calls on the powers of darkness!
Your body is wracked with pain!
* * * LOW HITPOINT WARNING * * *
You hit Menkaure.
Menkaure is almost destroyed.
Menkaure casts a spell at you. Pain shoots through your body!
* * * LOW HITPOINT WARNING * * *
The endoplasm completely misses you.
Aiming: Iceblast
Press: ? - help, Shift-Dir - straight line, f/p - Menkaure
Aim: Menkaure (almost destroyed, fast)
Okay, then.
You closely miss Menkaure.
Menkaure is almost destroyed.
Menkaure calls on the powers of darkness!
You feel a surge of unholy energy. The endoplasm freezes you.
You are frozen.
You resist.
* * * LOW HITPOINT WARNING * * *
Menkaure hits you.
* * * LOW HITPOINT WARNING * * *
You hit Menkaure but do no damage.
Menkaure is almost destroyed.
The endoplasm freezes you.
You are frozen.
You resist.
You die...

##########'####....#.....
#........................
#............##..#.#.....
#..................#.[...
#............########.#..
#........................
#######..†..####...##....
#.....>............
#.@....#.....##..).
#..JM....# # ####....
#........... ........
#..[........ ####....
####...(.... ........
..#...... ####....
......... #......
......... #.#.... #......


You could see Menkaure (fast) and an endoplasm.

Vanquished Creatures
  2 jellies (Sewer)
  4 adders
  A river rat (Sewer)
  3 worms
  5 dart slugs
  13 endoplasms
  13 giant cockroaches
  9 goblins
  13 hobgoblins
  8 jackals
  2 quokkas
  13 ball pythons
  5 bats
  7 frilled lizards
  4 kobolds
  5 rats
107 creatures vanquished.

Notes
Turn   | Place    | Note
-------+----------+-------------------------------------------
     0 | D:1      | Sabo the Ogre Air Elementalist began the quest for the Orb.
     0 | D:1      | Reached XP level 1. HP: 16/16 MP: 3/3
   135 | D:1      | Reached XP level 2. HP: 20/24 MP: 0/5
   950 | D:1      | Reached XP level 3. HP: 31/31 MP: 0/7
  1039 | D:1      | Reached skill level 1 in Conjurations
  2627 | D:2      | Reached XP level 4. HP: 39/39 MP: 6/8
  3569 | D:3      | Found Opluf's Antique Weapon Boutique.
  3721 | D:3      | Reached XP level 5. HP: 36/45 MP: 1/10
  4222 | D:3      | Found a shadowy altar of Dithmenos.
  4226 | D:3      | Found an iron altar of Okawaru.
  4437 | D:4      | Found a glowing drain.
  4460 | Sewer    | Entered a sewer
  5315 | Sewer    | Reached XP level 6. HP: 54/54 MP: 3/11
  5751 | Sewer    | Found a viscous altar of Jiyva.
  6097 | D:3      | Became a worshipper of Dithmenos the Shadowed
  6229 | D:4      | Noticed Menkaure
  6241 | D:4      | HP: 2/54 [frozen (1)]
  6242 | D:4      | Frozen to death by an endoplasm

Illustrated notes

Levels and vault maps discovered:
D:1:      dpeg_arrival_long_road, layout_loops_corners, grunt_decor_mini_mirrors
D:2:      layout_basic, hex_tiny, hex_intersection
D:3:      layout_rooms, nicolae_overflow_hidden_temple, serial_shops,
          nicolae_shop_behind_doors
D:4:      layout_basic, nicolae_vehumet_radiance, gup_sewer_entry_pipe,
          uniq_menkaure

Skill      XL: |  1  2  3  4  5 |
---------------+----------------+-----
Air Magic      | 3 |  3.7
Conjurations   | 1 2 3 |  3.1
Spellcasting   | 3 |  3.9
Dodging        | 2 |  2.1
Fighting       | |  0.4
Polearms       | |  0.5
Stealth        | |  1.8

Action                     |  1- 3 |  4- 6 || total
---------------------------+-------+-------++-------
  Melee: Spear             |    32 |    35 ||    67
         Unarmed           |     1 |       ||     1
   Cast: Shock             |    73 |   119 ||   192
    Use: Scroll            |     1 |     2 ||     3
   Stab: Sleeping          |       |     1 ||     1
 Armour: Robe              |    26 |    15 ||    41
  Dodge: Dodged            |    32 |    21 ||    53

Table legend: (Time is in decaauts)
 A = Elapsed time spent in this place.
 B = Non-inter-level travel time spent in this place.
 C = Inter-level travel time spent in this place.
 D = Time resting spent in this place.
 E = Time spent auto-exploring this place.
 F = Levels seen in this place.
 G = Mean time per level.
                   A        B        C        D        E       F      G
               +--------+--------+--------+--------+--------+-----+--------+
         Total |   6258 |   6258 |      0 |   3100 |      0 |   5 | 1251.6 |
       Dungeon |   4872 |   4872 |      0 |   2011 |      0 |   4 | 1218.0 |
         Sewer |   1385 |   1385 |      0 |   1089 |      0 |   1 | 1385.0 |
               +--------+--------+--------+--------+--------+-----+--------+

Top non-repeatable levels by time:
     D:1: 1890 daAuts
     D:2: 1635 daAuts
   Sewer: 1385 daAuts
     D:3: 819 daAuts
     D:4: 526 daAuts
